 Dungeon Crawl Stone Soup version 0.30-a0-696-g2367cd04db (webtiles) character file.

Game seed: 409114516052945233

691 ryw the Firebug (level 7, 0/38 HPs)
             Began as a Deep Elf Fire Elementalist on Jan 21, 2023.
             Slain by a killer bee (2 damage)
             ... on level 5 of the Dungeon.
             The game lasted 00:12:30 (5392 turns).

ryw the Firebug (Deep Elf Fire Elementalist)        Turns: 5392, Time: 00:12:31

Health: 0/38       AC:  6    Str:  5    XL:     7   Next: 36%
Magic:  7/15       EV: 13    Int: 22    God:
Gold:   130        SH:  0    Dex: 15    Spells: 4/14 levels left

rFire   + . .      SeeInvis .    i - +3 dagger
rCold   + . .      Faith    .    (no shield)
rNeg    . . .      Spirit   .    a - +0 robe
rPois   +          Reflect  .    (no helmet)
rElec   +          Harm     .    (no cloak)
rCorr   +          Rampage  .    k - +0 pair of gloves
Will    .....                    f - +2 pair of boots
Stlth   ++                       (no amulet)
HPRegen 0.26/turn                (no ring)
MPRegen 0.14/turn                (no ring)

@: resistant, very slightly contaminated
A: no striking features
a: no special abilities


You were on level 5 of the Dungeon.
You visited 1 branch of the dungeon, and saw 5 of its levels.

You collected 130 gold pieces.

Inventory:

Hand Weapons
 i - a +3 dagger (weapon)
 r - a +1 dagger of holy wrath
Armour
 a - a +0 robe (worn)
 f - a +2 pair of boots (worn)
 k - a +0 pair of gloves (worn)
Wands
 g - a wand of digging (7)
 j - a wand of light (2)
 p - a wand of paralysis (3)
Potions
 b - 2 potions of magic
 d - a potion of haste
 h - a potion of ambrosia {unknown}
 l - a potion of attraction {unknown}
 m - 2 potions of resistance
 n - a potion of lignification {unknown}
 o - a potion of might {unknown}
 q - a potion of flight {unknown}


   Skills:
 - Level 1.0 Fighting
 - Level 3.0 Dodging
 - Level 2.4 Stealth
 - Level 4.0 Spellcasting
 + Level 4.2 Conjurations
 - Level 3.0 Summonings
 + Level 1.0 Translocations
 * Level 6.8 Fire Magic
 + Level 0.8 Air Magic


You had 4 spell levels left.
You knew the following spells:

 Your Spells              Type           Power      Damage    Failure   Level
a - Foxfire               Conj/Fire      100%       2x1d9     1%          1
b - Scorch                Fire           68%        2d8       1%          2
c - Flame Wave            Conj/Fire      28%        2d9       12%         4
d - Kindle Blastsparks    Fire/Tloc/Air  34%        2d12      11%         3

Your spell library contained the following spells:

 Spells                   Type           Power      Damage    Failure   Level
 Inner Flame              Hex/Fire       19%        N/A       9%          3
 Sandblast                Erth           8%         2d5       11%         1
 Stone Arrow              Conj/Erth      26%        3d8       14%         3
 Passwall                 Tmut/Erth      3%         N/A       17%         2
 Malign Gateway           Summ/Tloc      6%         N/A       100%        7
 Summon Horrible Things   Summ           8%         N/A       100%        8


Dungeon Overview and Level Annotations

Branches:
Dungeon (5/15)
 Temple: D:4-7

Altars:
Hepliaklqana
Uskayaw
Wu Jian
Zin


Message History

The killer bee stings you.
* * * LOW HITPOINT WARNING * * *
The killer bee stings you but does no damage.
The killer bee closely misses you. x2
Casting: Foxfire (safe; 1% risk of failure)
Confirm with . or Enter, or press ? or * to list all spells.
There is not enough space to conjure foxfire!
You feel much better.
You feel very sick.
The foxfire hits the killer bee!
You kill the killer bee!
The foxfire hits the killer bee.
The killer bee is moderately wounded.
The killer bee stings you! The killer bee stings you.
The killer bee closely misses you. The killer bee misses you.
The killer bee stings you.
You are lethally poisoned!
The killer bee poisons you! The killer bee stings you.
* * * LOW HITPOINT WARNING * * *
You are more poisoned.
The killer bee poisons you!
Your Translocations skill increases to level 1!
It was a potion of resistance.
You feel protected.
* * * LOW HITPOINT WARNING * * *
You feel very sick. The killer bee stings you.
* * * LOW HITPOINT WARNING * * *
The killer bee closely misses you. The killer bee barely misses you.
The killer bee closely misses you.
The killer bee stings you but does no damage.
The killer bee closely misses you.
You aren't carrying any scrolls.
It was a potion of curing.
You feel better. The killer bee stings you!
* * * LOW HITPOINT WARNING * * *
The killer bee closely misses you.
The killer bee stings you but does no damage.
The killer bee barely misses you. The killer bee misses you.
The killer bee stings you.
You die...

...............
................
................
##.....(..........
#!................
##.................
..####..................
.<....yyy...............
#@...>............
##.................
#..................
###................
##...............
##..............
#..............
#..#...........
####.###.........


You could see 3 killer bees.

Vanquished Creatures
  2 scorpions
  3 killer bees (D:5)
  A jelly (D:4)
  A gnoll bouda (D:4)
  A hound (D:3)
  An iguana (D:5)
  Natasha (thrice) (D:4)
  An orc wizard (D:3)
  Ijyb (D:4)
  11 gnolls
  An adder (D:2)
  3 worms
  A dart slug (D:2)
  10 orcs
  6 endoplasms
  2 giant cockroaches
  5 goblins
  4 hobgoblins
  4 jackals (D:1)
  A quokka (D:1)
  8 ball pythons
  3 bats
  3 frilled lizards
  11 kobolds
  3 rats (D:1)
  A spectral orc (D:3)
91 creatures vanquished.

Vanquished Creatures (others)
  509 foxfires
509 creatures vanquished.

Grand Total: 600 creatures vanquished

Notes
Turn   | Place    | Note
-------+----------+-------------------------------------------
     0 | D:1      | ryw the Deep Elf Fire Elementalist began the quest for the
                  | Orb.
     0 | D:1      | Reached XP level 1. HP: 10/10 MP: 6/6
   255 | D:1      | Reached XP level 2. HP: 15/15 MP: 5/8
   815 | D:2      | Found an ornate altar of the Wu Jian Council.
   932 | D:2      | Reached XP level 3. HP: 20/20 MP: 6/9
  1602 | D:2      | Learned a level 2 spell: Scorch
  1711 | D:3      | Reached skill level 1 in Fighting
  1711 | D:3      | Reached skill level 4 in Fire Magic
  1811 | D:3      | Reached XP level 4. HP: 25/25 MP: 0/11
  2423 | D:3      | Found a glowing silver altar of Zin.
  2467 | D:3      | Reached XP level 5. HP: 17/29 MP: 8/13
  2688 | D:3      | Found a hazy altar of Hepliaklqana.
  3136 | D:4      | Noticed Natasha
  3144 | D:4      | Killed Natasha
  3145 | D:4      | Reached skill level 1 in Summonings
  3145 | D:4      | Reached skill level 5 in Fire Magic
  3518 | D:4      | Reached XP level 6. HP: 34/34 MP: 4/14
  3987 | D:4      | Learned a level 4 spell: Flame Wave
  4138 | D:4      | Noticed Natasha
  4143 | D:4      | Killed Natasha
  4234 | D:4      | Noticed Natasha
  4242 | D:4      | Killed Natasha
  4243 | D:4      | Reached skill level 6 in Fire Magic
  4658 | D:4      | Noticed Ijyb
  4677 | D:4      | Killed Ijyb
  4776 | D:4      | Found a hide-covered altar of Uskayaw.
  4842 | D:5      | Entered Level 5 of the Dungeon
  5231 | D:5      | Reached XP level 7. HP: 38/38 MP: 10/15
  5251 | D:5      | Learned a level 3 spell: Kindle Blastsparks
  5391 | D:5      | Reached skill level 1 in Translocations
  5392 | D:5      | Slain by a killer bee

Illustrated notes

Levels and vault maps discovered:
D:1:      sevenhm_arrival_forest_fort_small_6, layout_rooms
D:2:      layout_basic, basic_altar, eino_tiny_chamber
D:3:      layout_rooms, zin_treasury, nicolae_hepliaklqana_monster_ancestors,
          serial_corexii_hall, corexii_hall_statues_x,
          chequers_hall_statues_wall_a
D:4:      layout_loops_cross, nicolae_overflow_hidden_temple, uniq_ijyb,
          uniq_natasha
D:5:      layout_layer_cave, minmay_temple_entry_grid, st_stairs_6,
          minmay_misc_feat_alley, goddamned_bats

Skill      XL: |  1  2  3  4  5  6  7 |
---------------+----------------------+-----
Fighting       | 1 |  1.0
Fire Magic     | 4 5 6 |  6.8
Dodging        | 3 |  3.0
Conjurations   | 2 3 4 |  4.2
Spellcasting   | 4 |  4.0
Summonings     | 1 2 3 |  3.0
Translocations | 1 |  1.0
Stealth        | |  2.4
Air Magic      | |  0.8

Action                   |  1- 3 |  4- 6 |  7- 9 || total
-------------------------+-------+-------+-------++-------
Melee: Unarmed           |     2 |       |       ||     2
       Dagger            |     2 |       |       ||     2
 Cast: Foxfire           |   105 |   208 |    11 ||   324
Evoke: Wand              |       |     2 |       ||     2
  Use: Scroll            |     4 |     8 |       ||    12
       Potion            |       |       |     3 ||     3
Armor: Robe              |     5 |     5 |     7 ||    17
Dodge: Dodged            |     8 |    31 |    23 ||    62

Table legend: (Time is in decaauts)
 A = Elapsed time spent in this place.
 B = Non-inter-level travel time spent in this place.
 C = Inter-level travel time spent in this place.
 D = Time resting spent in this place.
 E = Time spent auto-exploring this place.
 F = Levels seen in this place.
 G = Mean time per level.
                   A        B        C        D        E       F      G
               +--------+--------+--------+--------+--------+-----+--------+
         Total |   5395 |   5066 |    329 |    887 |   3221 |   5 | 1079.0 |
       Dungeon |   5395 |   5066 |    329 |    887 |   3221 |   5 | 1079.0 |
               +--------+--------+--------+--------+--------+-----+--------+

Top non-repeatable levels by time:
     D:4: 2182 daAuts
     D:3: 1253 daAuts
     D:2: 972 daAuts
     D:1: 726 daAuts
     D:5: 260 daAuts
